 Dungeon Crawl Stone Soup version 0.28-a0-2-g643f2454ad (webtiles) character file.

Game seed: 6116724259411291921

63 elagabalus the Sneak (level 3, 16/16 HPs)
             Began as a Spriggan Enchanter on July 22, 2021.
             Quit the game on level 3 of the Dungeon.
             The game lasted 00:20:44 (2122 turns).

elagabalus the Sneak (Spriggan Enchanter)           Turns: 2122, Time: 00:20:45

Health: 16/16      AC:  6    Str:  4    XL:     3   Next: 89%
Magic:  7/8        EV: 17    Int: 16    God:
Gold:   49         SH:  0    Dex: 16    Spells: 2/8 levels left

rFire   . . .      SeeInvis +   g - +1 dagger (venom)
rCold   . . .      Faith    .   (shield restricted)
rNeg    . . .      Spirit   .   b - +0 robe
rPois   .          Reflect  .   (helmet restricted)
rElec   .          Harm     .   (no cloak)
rCorr   .          Rampage  .   (gloves unavailable)
Will    .....                   (boots unavailable)
Stlth   +++.......              (no amulet)
HPRegen 0.05/turn               d - +4 ring of protection
MPRegen 0.11/turn               (no ring)

@: very quick
A: very small, no large weapons, unfitting armour, see invisible, speed 3
a: no special abilities


You were on level 3 of the Dungeon.
You visited 1 branch of the dungeon, and saw 3 of its levels.

You collected 49 gold pieces.

Inventory:

Hand Weapons
 g - a +1 dagger of venom (weapon)
Armour
 b - a +0 robe (worn)
Jewellery
 d - a +4 ring of protection (left hand)
Wands
 i - a wand of acid (14)
Scrolls
 c - a scroll of fog
 f - a scroll of enchant weapon
 j - a scroll of teleportation {unknown}
Potions
 e - a potion of invisibility {unknown}
 h - a potion of haste {unknown}


   Skills:
 - Level 2.0 Short Blades
 - Level 3.0 Dodging
 - Level 5.0 Stealth
 - Level 3.0 Spellcasting
 + Level 4.9 Hexes


You had 2 spell levels left.
You knew the following spells:

 Your Spells              Type           Power      Damage    Failure   Level
a - Corona                Hex            20%        N/A       2%          1
b - Ensorcelled Hibernat  Hex/Ice        20%        N/A       11%         2
c - Dazzling Flash        Conj/Hex       20%        N/A       21%         3

Your spell library contained the following spells:

 Spells                   Type           Power      Damage    Failure   Level
 Confusing Touch          Hex            18%        N/A       8%          3
 Tukima's Dance           Hex            18%        N/A       8%          3
 Ozocubu's Armour         Ice            2%         N/A       50%         3
 Metabolic Englaciation   Hex/Ice        5%         N/A       88%         5
 Simulacrum               Ice/Necr       1%         N/A       100%        6


Dungeon Overview and Level Annotations

Branches:
Dungeon (3/15)

Altars:

Annotations:
D:3 1 transporter


Innate Abilities, Weirdness & Mutations

You are very small and have problems with some larger weapons.
You are too small for most types of armour.
You have supernaturally acute eyesight. (SInv)
You cover ground extremely quickly. (Speed+++)


Message History

The kobold moves out of view.
The kobold shouts!
Casting: Ensorcelled Hibernation (safe; 11% risk of failure)
Confirm with . or Enter, or press ? or * to list all spells.
Aiming: Ensorcelled Hibernation (safe; 11% risk of failure)
Press: ? - help, Shift-Dir - straight line, f - kobold
Aim: a kobold, wielding a +0 whip (chance to affect: 59%)
The kobold looks drowsy...
The helpless kobold fails to defend itself.
You impale the kobold!!
You kill the kobold!
There is an open door here.
You open the door.
There is an open door here.
Magic restored.
A hobgoblin comes into view.
The hobgoblin shouts!
Casting: Ensorcelled Hibernation (safe; 11% risk of failure)
Confirm with . or Enter, or press ? or * to list all spells.
Aiming: Ensorcelled Hibernation (safe; 11% risk of failure)
Press: ? - help, Shift-Dir - straight line, f - hobgoblin
Aim: a hobgoblin (chance to affect: 59%)
The hobgoblin looks drowsy...
The helpless hobgoblin fails to defend itself.
You impale the hobgoblin!!
You kill the hobgoblin!
Found a buckler.
An endoplasm comes into view.
The endoplasm quivers.
Casting: Ensorcelled Hibernation (safe; 11% risk of failure)
Confirm with . or Enter, or press ? or * to list all spells.
Aiming: Ensorcelled Hibernation (safe; 11% risk of failure)
Press: ? - help, Shift-Dir - straight line, f - endoplasm
Aim: an endoplasm (chance to affect: 59%)
The endoplasm looks drowsy...
The helpless endoplasm fails to defend itself.
You impale the endoplasm!!
You kill the endoplasm!
Found a transporter.
Are you sure you want to abandon this character and quit the game? (Confirm with "yes".)

#.#..# . #.##..©.
#.##.....# .# .
#.#..##### ©. #.
#.#.#♣ ## # #.#.#
.## #.#.♣### ##..
##
#.#...[####....###.
#.@..#......##.....
###.#######.######.
#................
################.
##


There were no monsters in sight!

Vanquished Creatures
  An adder (D:2)
  A worm (D:2)
  7 ball pythons
  5 endoplasms
  A giant cockroach (D:1)
  4 goblins
  A hobgoblin (D:3)
  7 jackals
  8 kobolds
  A quokka (D:1)
  6 bats
  2 frilled lizards
  A rat (D:1)
45 creatures vanquished.

Notes
Turn   | Place    | Note
-------+----------+-------------------------------------------
     0 | D:1      | elagabalus the Spriggan Enchanter began the quest for the
                  | Orb.
     0 | D:1      | Reached XP level 1. HP: 9/9 MP: 5/5
   123 | D:1      | Reached XP level 2. HP: 10/13 MP: 6/6
   538 | D:1      | Learned a level 2 spell: Ensorcelled Hibernation
   803 | D:1      | Reached skill level 5 in Stealth
  1473 | D:2      | Reached XP level 3. HP: 16/16 MP: 3/8
  1479 | D:2      | Learned a level 3 spell: Dazzling Flash
  2102 | D:3      | Found a transporter.
  2104 | D:3      | Noticed a small abomination
  2122 | D:3      | Quit the game

Illustrated notes

Levels and vault maps discovered:
D:1:      co_arrival_hexagon_in_a_hexagon, layout_basic, minmay_misc_feat_x
D:2:      layout_basic, serial_glass, glass_columns_a, glass_columns_a,
          glass_columns_c, glass_columns_a, glass_columns_a, glass_columns_a,
          glass_columns_a, glass_columns_b, glass_columns_b, glass_columns_b,
          glass_columns_b, glass_columns_c, glass_columns_c, glass_columns_a,
          kennysheep_generic_room_7
D:3:      layout_basic, chequers_temple_overflow_statue_of_worship,
          chequers_temple_overflow_minitemple, gammafunk_ghost_abyssal_escape,
          nrook_mini_vaults

Skill      XL: |  1  2  3 |
---------------+----------+-----
Hexes          | 4 |  4.9
Spellcasting   | 3 |  3.0
Stealth        | 5 |  5.0
Dodging        | 3 |  3.0
Short Blades   | 2 |  2.0

Action                   || total
-------------------------++-------
Melee: Dagger            ||   105
 Cast: Corona            ||    12
       Ensorcelled Hiber ||    18
  Use: Scroll            ||     2
 Stab: Sleeping          ||    26
Armor: Robe              ||    16
Dodge: Dodged            ||    74

Table legend: (Time is in decaauts)
 A = Elapsed time spent in this place.
 B = Non-inter-level travel time spent in this place.
 C = Inter-level travel time spent in this place.
 D = Time resting spent in this place.
 E = Time spent auto-exploring this place.
 F = Levels seen in this place.
 G = Mean time per level.
                   A        B        C        D        E       F      G
               +--------+--------+--------+--------+--------+-----+--------+
         Total |   1558 |    939 |    619 |      0 |      0 |   3 |  519.3 |
       Dungeon |   1558 |    939 |    619 |      0 |      0 |   3 |  519.3 |
               +--------+--------+--------+--------+--------+-----+--------+

Top non-repeatable levels by time:
     D:1: 1125 daAuts
     D:2: 339 daAuts
     D:3: 93 daAuts
